 Dungeon Crawl Stone Soup version 0.24.0-123-gd5b16e6ec5 (webtiles) character file.

Game seed: 12212896821538249927, levelgen mode: deterministic

676904 Sysandra the Hoplite (level 27, -14/208 HPs)
             Began as a Naga Monk on Jan 31, 2020.
             Was the Champion of the Shining One.
             Killed from afar by an orb of fire (33 damage)
             ... with a bolt of fire
             ... on level 5 of the Realm of Zot.
             The game lasted 04:49:02 (65291 turns).

Sysandra the Hoplite (Naga Monk)                   Turns: 65291, Time: 04:49:03

Health: -14/208    AC: 47    Str: 31    XL:     27
Magic:  27/27      EV:  6    Int: 16    God:    the Shining One [******]
Gold:   7499       SH: 24    Dex: 20    Spells: 26/26 levels left

rFire    . . .     SeeInvis +   T - +9 eudemon blade (holy)
rCold    + . .     Gourm    .   i - +5 shield "Kuabb" {Str+2 Int+5 Slay+2}
rNeg     + + +     Faith    .   q - +0 plate armour "Dojotz" {+Inv rElec MP-9 Str+3}
rPois    +         Spirit   .   y - +2 helmet
rElec    +         Reflect  .   X - +2 cloak {MR+}
rCorr    .         Harm     .   Y - +3 pair of gauntlets of War {Slay+5}
MR       ++++.     Rnd*Tele +   L - +2 naga barding {Fly}
Stlth    ..........             x - amulet of Vitality {Regen+ HP+15}
HPRegen  0.84/turn              B - ring "Nergh" {rPois rC+ rN+ Str+4}
MPRegen  0.20/turn              E - ring of Vacoywk {Dex+8 Stlth-}

@: flying, glowing, studying Axes, very slow
A: large, see invisible, clumsy 2, deformed body, dopey 1, frail 3, poison
resistance, slowness 2, slow metabolism 1, spit poison 1, teleportitis 1,
constrict 1, AC +9
}: 3/15 runes: decaying, serpentine, silver
a: Spit Poison, Divine Shield, Cleansing Flame, Summon Divine Warrior, Renounce
Religion, Evoke Invisibility, Stop Flying


You were on level 5 of the Realm of Zot.
You worshipped the Shining One.
The Shining One was exalted by your worship.
You were not hungry.

You visited 13 branches of the dungeon, and saw 55 of its levels.
You also visited: Sewer, Ice Cave and Volcano.

You collected 8340 gold pieces.
You spent 841 gold pieces at shops.

Inventory:

Hand Weapons
 J - a +9 scimitar of flaming
 T - a +9 eudemon blade of holy wrath (weapon)
Missiles
 f - 2182 stones (quivered)
Armour
 i - the +5 shield "Kuabb" (worn) {Str+2 Int+5 Slay+2}
   (You found it on level 3 of the Crypt)

   It affects your strength (+2).
   It affects your intelligence (+5).
   It affects your accuracy and damage with ranged weapons and melee attacks
   (+2).
 q - the +0 plate armour "Dojotz" (worn) {+Inv rElec MP-9 Str+3}
   (You found it on level 3 of the Depths)

   It affects your strength (+3).
   It insulates you from electricity.
   It affects your magic capacity (-9).
   It lets you turn invisible.
 y - a +2 helmet (worn)
 L - a +2 naga barding of flying (worn)
 X - a +2 cloak of magic resistance (worn)
 Y - the +3 pair of gauntlets of War (worn) {Slay+5}
   (You found it on level 14 of the Dungeon)

   It affects your accuracy and damage with ranged weapons and melee attacks
   (+5).
Jewellery
 x - the amulet of Vitality (around neck) {Regen+ HP+15}
   (You took it off a greater mummy on level 1 of the Crypt)

   [amulet of regeneration]

   It affects your health (+15).
   It increases your rate of regeneration.
 B - the ring "Nergh" (left hand) {rPois rC+ rN+ Str+4}
   (You found it on level 5 of the Vaults)

   [ring of protection from cold]

   It affects your strength (+4).
   It protects you from cold.
   It protects you from poison.
   It protects you from negative energy.
 E - the ring of Vacoywk (right hand) {Dex+8 Stlth-}
   (You took it off an orc wizard on level 5 of the Vaults)

   [ring of attention]

   It affects your dexterity (+8).
   It makes you less stealthy.
 G - an uncursed ring of ice
 H - an uncursed ring of resist corrosion
 O - a +3 ring of slaying
 Q - a +3 ring of evasion
 S - the cursed necklace of Bloodlust {*Rage +Rage MR++ Int-3 Slay+6 *Curse}
   (You found it on level 5 of the Vaults)

   [amulet of rage]

   It affects your intelligence (-3).
   It affects your accuracy and damage with ranged weapons and melee attacks
   (+6).
   It affects your resistance to hostile enchantments.
   It lets you go berserk.
   It may make you go berserk in combat.
   It curses itself when equipped.
   It has a curse placed upon it.
 V - an uncursed amulet of magic regeneration
 W - an uncursed ring of protection from fire {unknown}
 Z - the ring of Jewa {-Tele rElec rN+++ MP+9 Str-2 Int-3}
   (You found it on level 5 of the Depths)

   [ring of intelligence]

   It affects your strength (-2).
   It affects your intelligence (-3).
   It insulates you from electricity.
   It renders you almost immune to negative energy.
   It affects your magic capacity (+9).
   It prevents most forms of teleportation.
Wands
 d - a wand of digging (38)
 D - a wand of enslavement (9)
 I - a wand of disintegration (33)
Scrolls
 b - 2 scrolls of enchant weapon
 e - 20 scrolls of remove curse
 g - 5 scrolls of teleportation
 k - 9 scrolls of fog
 p - 2 scrolls of magic mapping
 r - 5 scrolls of blinking
 s - 14 scrolls of amnesia
 u - 26 scrolls of identify
 v - 5 scrolls of fear
 z - 9 scrolls of vulnerability
 F - 3 scrolls of brand weapon
 M - 14 scrolls of immolation
 N - 2 scrolls of summoning
 P - 3 scrolls of holy word
 R - a scroll of silence
Potions
 h - 6 potions of lignification
 j - 4 potions of agility
 l - 12 potions of haste
 m - 8 potions of magic
 n - a potion of brilliance
 t - 5 potions of curing
 w - 7 potions of mutation
 A - 2 potions of ambrosia
 C - 8 potions of berserk rage
 K - 8 potions of flight
 U - 2 potions of resistance
Books
 a - a manual of Axes
Miscellaneous
 o - the horn of Geryon
Comestibles
 c - 87 rations


   Skills:
 - Level 22.0 Fighting
 - Level 17.0 Long Blades
 - Level 23.0 Armour
 - Level 2.4 Dodging
 - Level 3.0 Stealth
 * Level 24.2 Shields
 - Level 19.6 Invocations


You had 26 spell levels left.
You didn't know any spells.
Your spell library contained the following spells:

 Spells                   Type           Power        Failure   Level  Hunger
 Animate Skeleton         Necr           N/A          63%         1    ##.....
 Apportation              Tloc           #.....       63%         1    ##.....
 Confusing Touch          Hex            #.....       63%         1    ##.....
 Corona                   Hex            #......      63%         1    ##.....
 Freeze                   Ice            #...         63%         1    ##.....
 Magic Dart               Conj           #...         63%         1    ##.....
 Pain                     Necr           #...         63%         1    ##.....
 Sandblast                Erth           #.....       63%         1    ##.....
 Sting                    Conj/Pois      #...         63%         1    ##.....
 Summon Butterflies       Summ           #.......     63%         1    ##.....
 Summon Small Mammal      Summ           #...         63%         1    ##.....
 Call Imp                 Summ           #.......     77%         2    ###....
 Ensorcelled Hibernation  Hex/Ice        #.....       77%         2    ###....
 Passwall                 Tmut/Erth      #.......     77%         2    ###....
 Poisonous Vapours        Pois/Air       #.....       77%         2    ###....
 Searing Ray              Conj           #.....       77%         2    ###....
 Sublimation of Blood     Necr           #.........   77%         2    ###....
 Throw Frost              Conj/Ice       #.....       77%         2    ###....
 Call Canine Familiar     Summ           #.......     94%         3    ####...
 Confuse                  Hex            #.......     94%         3    ####...
 Conjure Flame            Conj/Fire      #.......     94%         3    ####...
 Dazzling Spray           Conj/Hex       #.....       94%         3    ####...
 Gell's Gravitas          Tloc           #.........   94%         3    ####...
 Ignite Poison            Fire/Tmut/Pois #.......     94%         3    ####...
 Mephitic Cloud           Conj/Pois/Air  #.......     94%         3    ####...
 Ozocubu's Armour         Chrm/Ice       #.......     94%         3    ####...
 Portal Projectile        Hex/Tloc       #.....       94%         3    ####...
 Recall                   Summ/Tloc      N/A          94%         3    ####...
 Regeneration             Chrm/Necr      #.........   94%         3    ####...
 Static Discharge         Conj/Air       #.......     94%         3    ####...
 Stone Arrow              Conj/Erth      #.....       94%         3    ####...
 Summon Guardian Golem    Hex/Summ       #.......     94%         3    ####...
 Tukima's Dance           Hex            #.......     94%         3    ####...
 Vampiric Draining        Necr           #.........   94%         3    ####...
 Animate Dead             Necr           N/A          100%        4    #####..
 Force Lance              Conj/Tloc      #.......     100%        4    #####..
 Fulminant Prism          Conj/Hex       #.........   100%        4    #####..
 Ice Form                 Ice/Tmut       #.......     100%        4    #####..
 Iskenderun's Mystic Bla  Conj           #.......     100%        4    #####..
 Leda's Liquefaction      Hex/Erth       #.........   100%        4    #####..
 Olgreb's Toxic Radiance  Pois           #.......     100%        4    #####..
 Petrify                  Tmut/Erth      #.......     100%        4    #####..
 Summon Ice Beast         Ice/Summ       #.......     100%        4    #####..
 Summon Lightning Spire   Summ/Air       #.......     100%        4    #####..
 Throw Icicle             Conj/Ice       #.......     100%        4    #####..
 Alistair's Intoxication  Tmut/Pois      #.......     100%        5    ######.
 Bolt of Magma            Conj/Fire/Erth #.........   100%        5    ######.
 Irradiate                Conj/Tmut      #.........   100%        5    ######.
 Iskenderun's Battlesphe  Conj/Chrm      #.......     100%        5    ######.
 Lee's Rapid Deconstruct  Erth           #.........   100%        5    ######.
 Lightning Bolt           Conj/Air       #.........   100%        5    ######.
 Metabolic Englaciation   Hex/Ice        #.........   100%        5    ######.
 Summon Forest            Summ/Tloc      #.........   100%        5    ######.
 Summon Mana Viper        Hex/Summ       #.......     100%        5    ######.
 Venom Bolt               Conj/Pois      #.........   100%        5    ######.
 Yara's Violent Unravell  Hex/Tmut       #.........   100%        5    ######.
 Bolt of Cold             Conj/Ice       #.........   100%        6    #######
 Dispersal                Tloc           #.........   100%        6    #######
 Freezing Cloud           Conj/Ice/Air   #.........   100%        6    #######
 Hydra Form               Tmut           #.........   100%        6    #######
 Iron Shot                Conj/Erth      #.........   100%        6    #######
 Ozocubu's Refrigeration  Ice            #.........   100%        6    #######
 Shadow Creatures         Summ           N/A          100%        6    #######
 Simulacrum               Ice/Necr       #.........   100%        6    #######
 Statue Form              Tmut/Erth      #........    100%        6    #######
 Dragon Form              Tmut           #.........   100%        7    #######
 Orb of Destruction       Conj           #.........   100%        7    #######
 Ring of Flames           Chrm/Fire      #.........   100%        7    #######
 Spellforged Servitor     Conj/Summ      #.........   100%        7    #######
 Summon Hydra             Summ           #.........   100%        7    #######
 Controlled Blink         Tloc           N/A          100%        8    #######
 Disjunction              Tloc           #.........   100%        8    #######
 Ignition                 Fire           #.........   100%        8    #######
 Dragon's Call            Summ           #.........   100%        9    #######
 Shatter                  Erth           #.........   100%        9    #######
 Tornado                  Air            #.........   100%        9    #######


Dungeon Overview and Level Annotations

Branches:
Dungeon (15/15)            Temple (1/1) D:5            Lair (6/6) D:9
  Swamp (4/4) Lair:2        Snake (4/4) Lair:3        Slime (0/5) Lair:6
    Orc (2/2) D:12            Elf (3/3) Orc:2        Vaults (5/5) D:14
  Crypt (3/3) Vaults:3       Tomb (0/3) Crypt:3      Depths (5/5) D:15
   Hell (visited)             Dis (0/7) Hell            Geh (0/7) Hell
    Coc (0/7) Hell            Tar (1/7) Hell            Zot (5/5) Depths:5
  Sewer (visited)           IceCv (visited)         Volcano (visited)

Altars:
Ashenzari
Cheibriados
Dithmenos
Elyvilon
Fedhas
Gozag
Hepliaklqana
Kikubaaqudgha
Makhleb
Nemelex Xobeh
Okawaru
Qazlal
Ru
Sif Muna
Trog
Uskayaw
Vehumet
Wu Jian
Xom
Yredelemnul
Zin
The Shining One
Jiyva

Shops:
D:4 %   D:5 *   D:6 !   D:11 =   D:12 :*   D:13 *%   Orc:1 [   Orc:2 [%:?!
Elf:2 [   Elf:3 :   Snake:3 *:*==}

Portals:
Hell: Depths:1 Depths:2 Depths:3 Depths:4 Depths:5
Abyss: Depths:4
Pandemonium: Depths:3
Ziggurat: Depths:1

Annotations:
Snake:4 2 transporters, MisterOstroum's ghost, adept KoWn
Orc:1 2 transporters, Xerdoz's ghost, journeyman GrFi
Depths:3 1 runed translucent door


Innate Abilities, Weirdness & Mutations

You cannot wear boots.
Your serpentine skin is tough. (AC +9)
You have supernaturally acute eyesight. (SInv)
Armour fits poorly on your strangely shaped body.
Your system is resistant to poisons. (rPois)
You cover ground very slowly.
You have a slow metabolism.
You can spit poison.
You can use your snake-like lower body to constrict enemies.
You are very clumsy. (Dex -4)
You are dopey. (Int -2)
You are extremely frail. (-30% HP)
You are occasionally teleported next to monsters.


Message History

You're too confused to move!
Okay, then.
The orb of fire glows bright magenta.
Strange energies course through your body.
You feel weirdly uncertain.
The orb of fire glows bright magenta.
The fireball explodes!
The fireball engulfs you!!
* * * LOW HITPOINT WARNING * * *
You're too confused!
The orb of fire emits a lurid red light.
The bolt of fire hits you!!
* * * LOW HITPOINT WARNING * * *
You slash the orb of fire!
The orb of fire is lightly damaged.
Okay, then.
You're too confused!
You feel better.
You feel less invigorated.
The orb of fire glows deep purple.
The bolt of fire hits you!!
You die...

##...#....,,,,, #####
#.......,,,,,, ##...#
##^...⌠..,,,,**
##....#####.....#...,,,*
##.....##.......##...****
#......##..^...##**##*
##...⌠..##.....##
#.......###*....#
###.......#.@.....#
#.............#...#
#..⌠....#.....#####
#......^.....##
#............#
####.........##
##........#.##
#..........#.##
#...........#<##


You could see an orb of fire.

Vanquished Creatures
  Khufu (Crypt:1)
  An orb of fire (Zot:1)
  An ancient lich (Zot:5)
  2 juggernauts
  Sojobo (Crypt:1)
  A greater mummy (Crypt:1)
  Frederick (Depths:5)
  A Killer Klown (Zot:5)
  Boris (twice) (Depths:3 Crypt:3)
  Vashnia (Snake:3)
  Margery (Crypt:3)
  the Lernaean hydra (Swamp:4)
  A caustic shrike (Depths:2)
  Geryon (Hell)
  Xtahua (Depths:3)
  A curse toe (Zot:3)
  7 golden dragons
  Nikola (Snake:1)
  2 bone dragons
  2 doom hounds (Tar:1)
  6 Tzitzimimeh (Tar:1)
  9 liches
  7 electric golems
  12 tentacled monstrosities
  Rupert (D:12)
  A deep elf blademaster (Elf:3)
  Asterion (Depths:2)
  7 quicksilver dragons
  10 Orb Guardians (Zot:5)
  7 titans
  A deep elf master archer (Elf:3)
  Gastronok (Lair:2)
  7 ancient champions
  7 death cobs
  Agnes (Snake:1)
  11 storm dragons
  7 sphinxes
  A thorn hunter (Swamp:4)
  6 draconian monks
  13 shadow dragons
  Roxanne (Elf:3)
  8 tengu reavers
  8 fire giants
  2 azure jellies (Lair:6)
  4 draconian scorchers
  11 nagarajas
  2 ghost moths
  6 deep elf sorcerers
  2 iron dragons
  17 vault wardens
  7 draconian knights
  10 frost giants
  Louise (Swamp:3)
  2 balrugs
  11 ghouls
  4 draconian shifters
  4 curse skulls
  7 draconian annihilators
  29 very ugly things
  15 ironheart preservers
  8 deep elf elementalists
  A spriggan defender (Depths:2)
  12 reapers
  5 draconian stormcallers
  4 war gargoyles
  25 stone giants
  2 entropy weavers
  11 green draconians
  8 black draconians
  3 deep elf demonologists
  9 purple draconians
  Azrael (Elf:1)
  3 vampire knights
  11 deep elf annihilators
  9 spark wasps
  13 white draconians
  Nessos (D:15)
  4 yellow draconians
  14 ettins
  11 red draconians
  2 blizzard demons (Hell)
  9 fire dragons
  A green death (Depths:3)
  5 deep elf death magi
  6 mummy priests
  6 deep elf high priests
  A merfolk javelineer (Depths:3)
  3 eidola
  5 jiangshi (Crypt:3)
  The ghost of Haxyobbu the Fighter, a journeyman MiFi of Okawaru (Lair:2)
  21 yaktaur captains
  A great orb of eyes (shapeshifter) (Depths:4)
  Harold (Lair:1)
  A kraken zombie (Hell)
  41 vault guards
  6 great orbs of eyes
  3 spriggan air magi
  The ghost of Amplified the Party-goer, a journeyman DsMo of Uskayaw (D:11)
  A catoblepas (Lair:6)
  A shambling mangrove (Swamp:1)
  15 hydras
  6 rakshasas
  10 naga warriors
  Erica (D:8)
  4 death knights
  9 anacondas
  10 centaur warriors
  16 alligators
  9 deep troll earth magi
  8 ice dragons
  43 two-headed ogres
  15 ogre magi
  30 dancing weapons
  5 orc high priests
  7 vampire magi
  5 death yaks
  5 tengu warriors
  A shock serpent (shapeshifter) (D:15)
  Urug (Lair:3)
  7 deep troll shamans
  5 spriggan berserkers
  13 naga sharpshooters
  3 soul eaters
  Nergalle (Lair:2)
  9 sun demons
  5 small abominations
  11 shock serpents
  2 spriggans (Swamp:4)
  27 deep elf knights
  38 skeletal warriors
  4 shadow wraiths
  A fire crab (shapeshifter) (D:15)
  14 deep trolls
  14 hell knights
  4 anaconda zombies (Hell)
  3 salamander mystics
  6 glowing orange brains
  10 sea snakes (Snake:4)
  7 wizards
  17 deep elf archers
  A glowing orange brain (shapeshifter) (Elf:2)
  3 shadow demons (Tar:1)
  2 spark wasp zombies (Crypt:3)
  A death drake (Tar:1)
  4 unseen horrors
  A deep troll (shapeshifter) (Vaults:4)
  6 flayed ghosts
  A golden dragon skeleton (Depths:2)
  4 naga ritualists
  23 ironbrand convokers
  13 necromancers
  8 swamp dragons
  25 orc knights
  12 harpies
  A lindwurm (shapeshifter) (Vaults:5)
  A harpy (shapeshifter) (Vaults:4)
  A mana viper (shapeshifter) (Vaults:5)
  11 phantasmal warriors
  A shadow dragon skeleton (Vaults:4)
  3 wolf spiders
  4 mana vipers
  64 deep elf magi
  61 ugly things
  A shining eye (shapeshifter) (Depths:2)
  An elephant (shapeshifter) (Depths:5)
  4 orc sorcerers
  A stone giant zombie (Depths:2)
  A frost giant skeleton (Tar:1)
  16 moths of wrath
  5 cyclopes
  16 salamanders
  3 manticores
  2 fire giant skeletons
  30 black mambas
  2 iron dragon skeletons (Crypt:3)
  Maurice (Orc:2)
  13 elephants
  10 guardian serpents
  An orange demon (Depths:3)
  16 naga magi
  16 spiny frogs
  2 rust devils
  An eye of devastation (shapeshifter) (Vaults:2)
  2 ice statues (Hell)
  3 black mambas (shapeshifter)
  A smoke demon (Depths:3)
  2 gargoyles
  5 spectral swamp worms (Depths:3)
  A molten gargoyle (Hell)
  16 vault sentinels
  3 kobold demonologists
  A human zombie (Vaults:2)
  A stone giant skeleton (Tar:1)
  A dire elephant skeleton (Tar:1)
  2 rime drakes
  A rime drake (shapeshifter) (Vaults:5)
  6 komodo dragons
  2 demonic crawlers
  A catoblepas skeleton (Tar:1)
  6 freezing wraiths
  67 yaktaurs
  A komodo dragon (shapeshifter) (D:15)
  4 ice devils
  3 tengu conjurers
  A guardian mummy (Crypt:1)
  A queen bee (D:9)
  5 red devils
  7 tyrant leeches
  2 hydra zombies (Hell)
  A troll (shapeshifter) (D:15)
  13 trolls
  A silent spectre (Tar:1)
  2 tengu simulacra
  A hydra skeleton (Hell)
  A jumping spider (shapeshifter) (Vaults:4)
  33 slime creatures
  16 polar bears
  An ettin zombie (Depths:2)
  10 hippogriffs
  8 blink frogs
  18 bog bodies
  A slime creature (shapeshifter) (D:15)
  3 stone giant simulacra
  6 hornets
  A meliai zombie (D:11)
  A wind drake (shapeshifter) (D:15)
  A blink frog (shapeshifter) (Vaults:1)
  2 alligator zombies
  A snapping turtle (shapeshifter) (Depths:5)
  A hippogriff (shapeshifter) (Vaults:5)
  A frost giant simulacrum (Depths:2)
  12 dream sheep
  34 flying skulls
  An ice dragon skeleton (Tar:1)
  7 wraiths
  A centaur simulacrum (D:15)
  A redback (shapeshifter) (Vaults:4)
  2 vampires
  6 shadows
  A black mamba zombie (Crypt:2)
  An air elemental (Elf:2)
  20 humans (D:14)
  51 yaks
  5 redbacks
  A fire bat (shapeshifter) (Vaults:3)
  A hog (shapeshifter) (D:15)
  A wyvern (shapeshifter) (Depths:3)
  4 wyverns
  15 fire elementals
  A basilisk (D:12)
  11 water elementals
  A yak (shapeshifter) (D:15)
  A hungry ghost (D:15)
  2 wind drake skeletons (Crypt:1)
  The ghost of Martska the Chiller, an amateur MfIE (D:4)
  16 vampire mosquitoes
  A two-headed ogre zombie (Crypt:1)
  41 nagas
  9 swamp worms
  A water nymph zombie (Crypt:3)
  11 insubstantial wisps
  A warg (Vaults:5)
  3 acid dragons
  A soldier ant (shapeshifter) (Vaults:4)
  A hydra simulacrum (Hell)
  A floating eye (Depths:2)
  13 hell hounds
  9 water moccasins
  2 deep troll skeletons
  13 porcupines
  A two-headed ogre skeleton (Crypt:1)
  A merfolk skeleton (Crypt:3)
  2 hornet zombies
  A black bear (shapeshifter) (Vaults:3)
  13 swamp drakes
  15 ice beasts
  An eye of draining (shapeshifter) (Vaults:4)
  3 eyes of draining
  50 orc warriors
  7 sky beasts
  6 black bears
  9 necrophages
  2 phantoms
  An ogre (shapeshifter) (Depths:3)
  19 centaurs
  9 boggarts
  33 ogres
  22 wolves
  A snapping turtle skeleton (Tar:1)
  A swamp dragon skeleton (Tar:1)
  9 crocodiles
  A human skeleton (Vaults:4)
  Blork the orc (D:5)
  4 big kobolds
  19 bullfrogs
  An ogre simulacrum (Vaults:1)
  An earth elemental (Elf:1)
  A yaktaur skeleton (Crypt:2)
  A wyvern skeleton (D:9)
  A polar bear zombie (Crypt:2)
  9 scorpions
  22 killer bees
  4 wights
  3 electric eels (D:12)
  5 howler monkeys
  A spriggan skeleton (Crypt:3)
  15 crimson imps
  4 centaur zombies
  7 quasits
  4 bullfrog zombies
  3 jellies
  33 orc priests
  4 hounds
  2 bullfrog skeletons
  5 centaur skeletons
  An iron imp (Depths:3)
  Terence (D:3)
  A demonspawn skeleton (Crypt:2)
  3 iguanas
  27 orc wizards
  15 worker ants
  A killer bee zombie (Crypt:2)
  A mummy (Crypt:1)
  A tengu skeleton (Crypt:2)
  A howler monkey zombie (D:10)
  21 adders
  5 river rats
  3 shadow imps
  A white imp (Depths:3)
  2 ufetubi (Depths:3)
  4 oozes
  3 worms
  A barachi zombie (Crypt:3)
  4 dart slugs
  5 leopard geckos
  113 orcs
  8 bats
  11 giant cockroaches
  10 goblins
  7 hobgoblins (D:1)
  19 jackals
  25 kobolds
  7 quokkas
  12 ball pythons
  11 frilled lizards
  A frilled lizard skeleton (Crypt:2)
  2 jackal skeletons (D:4)
  A kobold skeleton (Crypt:3)
  A kobold zombie (Crypt:2)
  A leopard gecko zombie (D:5)
  An orc zombie (Crypt:2)
  34 rats
  A rat zombie (Crypt:3)
  A plant (Lair:6)
2658 creatures vanquished.

Vanquished Creatures (collateral kills)
  A tentacled monstrosity (Depths:4)
  3 storm dragons (Depths:4)
  A fire giant (Depths:4)
  A nagaraja (Snake:4)
  A draconian scorcher (Depths:5)
  A ghoul (Crypt:3)
  An ironheart preserver (Vaults:2)
  2 stone giants
  A black draconian (Zot:5)
  A purple draconian (Depths:5)
  A deep elf death mage (Vaults:1)
  A vault guard (Vaults:3)
  4 two-headed ogres (Vaults:1)
  A spriggan berserker (Depths:5)
  2 orc high priests (Orc:2)
  2 deep elf knights (Vaults:1)
  3 skeletal warriors
  A deep troll (shapeshifter) (Vaults:5)
  A deep elf archer (Vaults:1)
  7 orc knights
  2 ironbrand convokers
  A deep elf mage (Vaults:2)
  2 ugly things (Vaults:3)
  6 yaktaurs
  A freezing wraith (Vaults:3)
  A wraith (Vaults:1)
  4 nagas (Snake:4)
  12 orc warriors
  2 necrophages (Crypt:3)
  An ogre (Vaults:1)
  2 howler monkeys (D:12)
  3 orc priests (Orc:2)
  An iguana zombie (Crypt:3)
  9 orcs
83 creatures vanquished.

Vanquished Creatures (others)
  A fire giant (Depths:1)
  A red draconian (Zot:4)
  A deep troll (Vaults:2)
  A deep elf archer (Vaults:1)
  A mana viper (Snake:1)
  A guardian serpent (Snake:4)
  A naga mage (Snake:1)
  3 polar bears (IceCv)
  A redback (Vaults:4)
  A vampire mosquito (Swamp:4)
  An insubstantial wisp (Swamp:2)
  2 nagas
  A swamp drake (Swamp:4)
  3 orc warriors
  A bush (Swamp:4)
  A crawling corpse (Elf:3)
  65 fungi
  34 plants
  10 tentacles (Hell)
  21 withered plants (Crypt:3)
151 creatures vanquished.

Grand Total: 2892 creatures vanquished

Notes
Turn   | Place    | Note
-------+----------+-------------------------------------------
     0 | D:1      | Sysandra the Naga Monk began the quest for the Orb.
     0 | D:1      | Reached XP level 1. HP: 21/21 MP: 1/1
    31 | D:1      | You fall into a shaft and drop 1 floor!
   169 | D:2      | Reached XP level 2. HP: 24/28 MP: 2/2
   633 | D:2      | Found a sacrificial altar of Ru.
   685 | D:2      | Reached XP level 3. HP: 10/36 MP: 3/3
  1138 | D:2      | Found a snail-covered altar of Cheibriados.
  1394 | D:1      | Reached XP level 4. HP: 22/45 MP: 4/4
  1677 | D:1      | Reached skill level 5 in Fighting
  2622 | D:3      | Reached XP level 5. HP: 24/52 MP: 5/5
  2734 | D:3      | Reached skill level 1 in Armour
  2772 | D:3      | Found a glowing drain.
  2779 | Sewer    | Entered a sewer
  3390 | Sewer    | Reached XP level 6. HP: 31/61 MP: 6/6
  4454 | D:3      | Reached XP level 7. HP: 61/67 MP: 7/7
  4656 | D:3      | Noticed Terence
  4665 | D:3      | Killed Terence
  4963 | D:4      | Found a runed translucent door.
  4963 | D:4      | Noticed a human
  4974 | D:4      | Found a basalt altar of Yredelemnul.
  5005 | D:4      | Found Fempauk's Food Shoppe.
  5317 | D:4      | Found a burning altar of Makhleb.
  5317 | D:4      | Found a glowing silver altar of Zin.
  5318 | D:4      | Noticed an angel
  5318 | D:4      | Noticed a green death
  5808 | D:5      | Entered Level 5 of the Dungeon
  5836 | D:5      | Reached skill level 5 in Long Blades
  5910 | D:5      | Reached XP level 8. HP: 61/75 MP: 8/8
  5962 | D:5      | Found Qaemavoj's General Store.
  6008 | D:5      | Noticed a wyvern
  6015 | D:5      | Killed a wyvern
  6127 | D:5      | Found a staircase to the Ecumenical Temple.
  6152 | Temple   | Entered the Ecumenical Temple
  6271 | Temple   | Became a worshipper of the Shining One
  6271 | Temple   | Reached * piety under the Shining One
  6271 | Temple   | Reached ** piety under the Shining One
  6326 | D:5      | Found a runed translucent door.
  6335 | D:5      | Found a runed translucent door.
  6476 | D:5      | Found an opulent altar of Gozag.
  6961 | D:5      | Noticed Blork the orc
  6973 | D:5      | Killed Blork the orc
  7087 | D:4      | Found a runed translucent gate.
  7089 | D:4      | Found a runed translucent gate.
  7090 | D:4      | Found a runed translucent gate.
  7106 | D:4      | Identified the +1 short sword of Irrepressible Laughter
                  | {venom, rElec}
  7112 | D:4      | Noticed Martska's ghost (amateur MfIE)
  7230 | D:6      | Reached XP level 9. HP: 79/81 MP: 9/9
  7398 | D:6      | HP: 2/81 [ogre/+0 giant club (25)]
  7630 | D:6      | Reached skill level 1 in Invocations
  7825 | D:6      | Found Dotyq's Distillery.
  7839 | D:6      | Reached *** piety under the Shining One
  7842 | D:6      | Found an ornate altar of the Wu Jian Council.
  8333 | D:7      | Found a stormy altar of Qazlal.
  8541 | D:7      | Noticed an unseen horror
  8575 | D:7      | Killed an unseen horror
  8575 | D:7      | Reached XP level 10. HP: 27/98 MP: 13/13
  8800 | D:7      | Found a shimmering altar of Xom.
  9222 | D:8      | Noticed Erica
  9451 | D:8      | Noticed a two-headed ogre
  9451 | D:8      | Reached **** piety under the Shining One
  9657 | D:8      | Killed a two-headed ogre
  9657 | D:8      | Reached skill level 10 in Fighting
 10106 | D:8      | Killed Erica
 10235 | D:8      | Found a white marble altar of Elyvilon.
 10263 | D:8      | Got a twisted leather armour
 10275 | D:8      | Identified the +1 leather armour of Salvation {+Inv MR+}
                  | (You found it on level 8 of the Dungeon)
 10420 | D:8      | Found a basalt altar of Yredelemnul.
 10592 | D:9      | Reached skill level 10 in Long Blades
 10603 | D:9      | Reached XP level 11. HP: 65/111 MP: 14/14
 10867 | D:9      | Found a sparkling altar of Nemelex Xobeh.
 10973 | D:9      | Found a staircase to the Lair.
 11095 | D:9      | Found a shattered altar of Ashenzari.
 11810 | D:9      | Found an opulent altar of Gozag.
 11811 | D:9      | Found a hazy altar of Hepliaklqana.
 11817 | D:9      | Found a blossoming altar of Fedhas.
 11871 | D:10     | Entered Level 10 of the Dungeon
 12039 | D:10     | Found a shimmering blue altar of Sif Muna.
 12214 | D:10     | Reached skill level 1 in Shields
 12387 | D:10     | Noticed a two-headed ogre
 12388 | D:10     | Noticed a manticore
 12396 | D:10     | Found a runed translucent door.
 12657 | D:11     | Reached skill level 2 in Shields
 12703 | D:11     | Found Zadoxiof's Jewellery Boutique.
 12724 | D:11     | Reached ***** piety under the Shining One
 12794 | D:11     | Reached skill level 3 in Shields
 13176 | D:11     | Found a runed translucent door.
 13180 | D:11     | Found a shimmering altar of Xom.
 13180 | D:11     | Noticed Amplified's ghost (journeyman DsMo)
 13180 | D:11     | Noticed a +2 quarterstaff of chaos
 13450 | D:12     | Found a staircase to the Orcish Mines.
 13450 | D:12     | Noticed an orc knight
 13450 | D:12     | Noticed an unseen horror
 13600 | D:4      | Killed Martska's ghost
 13604 | D:4      | Reached skill level 5 in Armour
 14007 | Lair:1   | Entered Level 1 of the Lair of Beasts
 14012 | Lair:1   | Noticed Harold
 14118 | Lair:1   | Reached XP level 12. HP: 38/120 MP: 15/15
 14174 | Lair:1   | Killed Harold
 15254 | Lair:2   | Reached skill level 5 in Invocations
 15264 | Lair:2   | Found a runed translucent gate.
 15279 | Lair:2   | Found a runed translucent gate.
 15279 | Lair:2   | Found a runed translucent gate.
 15298 | Lair:2   | Noticed Haxyobbu's ghost (journeyman MiFi)
 15317 | Lair:2   | Found a staircase to the Swamp.
 15710 | Lair:2   | Noticed Nergalle
 15724 | Lair:2   | Killed Nergalle
 15868 | Lair:2   | Noticed Gastronok
 15889 | Lair:2   | Killed Gastronok
 16292 | Lair:3   | Reached skill level 10 in Invocations
 16303 | Lair:3   | Gained mutation: You can use your snake-like lower body to
                  | constrict enemies. [Naga growth]
 16303 | Lair:3   | Reached XP level 13. HP: 74/127 MP: 20/20
 16345 | Lair:3   | Noticed Urug
 16358 | Lair:3   | Killed Urug
 16533 | Lair:3   | Found a staircase to the Snake Pit.
 16893 | Lair:4   | Reached skill level 4 in Shields
 17349 | Lair:5   | Reached skill level 5 in Shields
 17494 | Lair:5   | Reached skill level 6 in Shields
 18056 | Lair:6   | Entered Level 6 of the Lair of Beasts
 18106 | Lair:6   | Reached skill level 7 in Shields
 18529 | Lair:6   | Reached skill level 8 in Shields
 18590 | Lair:6   | Found a runed translucent door.
 18593 | Lair:6   | Found a viscous altar of Jiyva.
 18597 | Lair:6   | Found a staircase to the Slime Pits.
 18597 | Lair:6   | Noticed an azure jelly
 18597 | Lair:6   | Noticed an azure jelly
 18772 | Lair:6   | Reached XP level 14. HP: 116/135 MP: 22/22
 18959 | Lair:6   | Reached skill level 9 in Shields
 19763 | D:11     | Killed Amplified's ghost
 20089 | D:12     | Reached skill level 10 in Shields
 20470 | D:12     | Found Onwutig's Book Shoppe.
 20503 | D:12     | Found Qeetogoy's General Store.
 20506 | D:12     | Bought a scroll of enchant armour for 97 gold pieces
 20564 | D:12     | Noticed Rupert
 20577 | D:12     | Killed Rupert
 20959 | D:13     | Found Raozicil's Food Shop.
 20973 | D:13     | Reached skill level 11 in Shields
 21020 | D:13     | Found Gyres's Demolitions Depot.
 21246 | D:13     | Reached ****** piety under the Shining One
 21251 | D:13     | Found the +3 giant club "Skullcrusher" {speed, Str+7}
 21407 | D:13     | Reached skill level 12 in Shields
 21646 | D:13     | Reached XP level 15. HP: 115/141 MP: 23/23
 22066 | D:14     | Got an ivory quarterstaff
 22068 | D:14     | Identified the +9 quarterstaff of Accord {crush, rElec
                  | Int+2 Dex+4} (You found it on level 14 of the Dungeon)
 22157 | D:14     | Identified the +6 hand axe "Mottaw" {flame, rN++ Int+4}
 22167 | D:14     | Reached skill level 13 in Shields
 22222 | D:14     | Found a gate to the Vaults.
 22225 | D:14     | Found the +3 pair of gauntlets of War {Slay+5}
 22235 | D:14     | Identified a scroll of acquirement
 22479 | D:14     | Got a pair of faintly glowing gloves
 22490 | D:14     | Identified the +0 pair of gloves of Blue Skies {Int+2} (You
                  | acquired it on level 14 of the Dungeon)
 22884 | D:15     | Entered Level 15 of the Dungeon
 22954 | D:15     | Found a frozen archway.
 22983 | IceCv    | Entered an ice cave
 23291 | IceCv    | Noticed a frost giant
 23299 | IceCv    | Reached skill level 14 in Shields
 23333 | IceCv    | Killed a frost giant
 23593 | D:15     | Noticed Nessos
 23599 | D:15     | Killed Nessos
 23736 | D:15     | Found a staircase to the Depths.
 23752 | D:15     | Paralysed by a floating eye for 3 turns
 24134 | Lair:2   | Killed Haxyobbu's ghost
 24344 | Lair:6   | Reached skill level 15 in Shields
 24359 | Lair:6   | Reached XP level 16. HP: 126/150 MP: 24/24
 24844 | Orc:1    | Entered Level 1 of the Orcish Mines
 24845 | Orc:1    | Found Mofes's Armour Shop.
 24902 | Orc:1    | Bought a +2 plate armour of positive energy for 444 gold
                  | pieces
 25044 | Orc:1    | Found a transporter.
 25056 | Orc:1    | Noticed Xerdoz's ghost (journeyman GrFi)
 25254 | Orc:1    | Found a transporter.
 25318 | Orc:2    | Entered Level 2 of the Orcish Mines
 25318 | Orc:2    | Found a staircase to the Elven Halls.
 25352 | Orc:2    | Found a dark tunnel.
 25359 | Volcano  | Entered a volcano
 25447 | Volcano  | Reached skill level 16 in Shields
 25888 | Orc:2    | Found Imeoqadd's Antique Armour Shop.
 26032 | Orc:2    | Noticed Maurice
 26059 | Orc:2    | Killed Maurice
 26080 | Orc:2    | Reached skill level 17 in Shields
 26241 | Orc:2    | Found Yluupnyohiu's Distillery.
 26249 | Orc:2    | Found Ujokicon's Food Shop.
 26250 | Orc:2    | Found Quonliw's Magic Scroll Boutique.
 26250 | Orc:2    | Found Yffysof's Book Shop.
 26466 | Swamp:1  | Entered Level 1 of the Swamp
 28191 | Swamp:3  | Noticed Louise
 28209 | Swamp:3  | Killed Louise
 28564 | Swamp:4  | Entered Level 4 of the Swamp
 28765 | Swamp:4  | Reached XP level 17. HP: 115/165 MP: 25/25
 28789 | Swamp:3  | HP: 9/249 [five-headed hydra (7)]
 29259 | Swamp:4  | Noticed the 27-headed Lernaean hydra
 29267 | Swamp:4  | Killed the 19-headed Lernaean hydra
 29267 | Swamp:4  | Reached skill level 15 in Fighting
 29276 | Swamp:4  | Got a decaying rune of Zot
 30012 | Snake:1  | Entered Level 1 of the Snake Pit
 30342 | Snake:1  | Noticed Agnes
 30353 | Snake:1  | Killed Agnes
 30400 | Snake:1  | Noticed Nikola
 30413 | Snake:1  | Killed Nikola
 31404 | Snake:2  | Reached XP level 18. HP: 128/184 MP: 26/26
 32253 | Vaults:1 | Entered Level 1 of the Vaults
 32682 | Vaults:1 | Reached skill level 15 in Long Blades
 33289 | Vaults:1 | Reached XP level 19. HP: 184/193 MP: 27/27
 33946 | Vaults:2 | Reached skill level 10 in Armour
 35346 | Vaults:3 | Reached XP level 20. HP: 156/201 MP: 28/28
 36374 | Vaults:3 | Found a staircase to the Crypt.
 36374 | Vaults:3 | Found a basalt altar of Yredelemnul.
 36375 | Vaults:3 | Found an ancient bone altar of Kikubaaqudgha.
 36743 | Vaults:3 | Got a spiked chain mail
 36754 | Vaults:3 | Identified the cursed +0 chain mail "Xepty" {Slay+2} (You
                  | found it on level 3 of the Vaults)
 37306 | Vaults:4 | Reached skill level 15 in Armour
 37508 | Vaults:4 | Reached XP level 21. HP: 200/208 MP: 29/29
 38573 | Elf:1    | Entered Level 1 of the Elven Halls
 39201 | Elf:1    | Noticed Azrael
 39208 | Elf:1    | Killed Azrael
 39419 | Elf:2    | Found Bausch's Antique Armour Shoppe.
 39449 | Elf:2    | Bought a glowing large shield for 300 gold pieces
 39902 | Elf:2    | Found a runed translucent gate.
 39902 | Elf:2    | Found a runed translucent gate.
 39904 | Elf:2    | Found a runed translucent gate.
 40810 | Depths:1 | Entered Level 1 of the Depths
 40959 | D:15     | Reached XP level 22. HP: 204/224 MP: 30/30
 41408 | Depths:1 | Found a gateway to Hell.
 41883 | Depths:1 | Found a gateway to a ziggurat.
 41885 | Depths:1 | Paralysed by a floating eye for 3 turns
 41895 | Depths:1 | Paralysed by a floating eye for 4 turns
 41902 | Depths:1 | Paralysed by a floating eye for 4 turns
 41934 | Depths:1 | Paralysed by a floating eye for 3 turns
 41994 | Depths:1 | Paralysed by a floating eye for 2 turns
 42430 | Depths:1 | Paralysed by a floating eye for 4 turns
 42443 | Depths:1 | Paralysed by a floating eye for 3 turns
 42450 | Depths:1 | Paralysed by a floating eye for 2 turns
 42460 | Depths:1 | Paralysed by a floating eye for 2 turns
 42467 | Depths:1 | Paralysed by a floating eye for 3 turns
 42475 | Depths:1 | Paralysed by a floating eye for 4 turns
 42484 | Depths:1 | Paralysed by a floating eye for 2 turns
 42489 | Depths:1 | Paralysed by a floating eye for 4 turns
 42591 | Depths:2 | Noticed a caustic shrike
 42601 | Depths:2 | Killed a caustic shrike
 42702 | Depths:2 | Found a glowing silver altar of Zin.
 42901 | Depths:2 | Noticed Asterion
 42917 | Depths:2 | Killed Asterion
 43097 | Depths:2 | Identified a +7 eudemon blade of holy wrath (a +5 demon
                  | blade of flaming blessed by the Shining One)
 43097 | Depths:2 | Received a gift from the Shining One
 43374 | Depths:2 | Paralysed by a floating eye for 3 turns
 43411 | Depths:2 | Reached XP level 23. HP: 101/241 MP: 20/31
 43677 | Depths:2 | Paralysed by a floating eye for 4 turns
 43694 | Depths:2 | Paralysed by a floating eye for 4 turns
 43903 | Depths:3 | Noticed Xtahua
 44094 | Depths:3 | Killed Xtahua
 44197 | Depths:3 | Got an ancient plate armour
 44208 | Depths:3 | Identified the cursed +0 plate armour "Dojotz" {+Inv rElec
                  | MP-9 Str+3} (You found it on level 3 of the Depths)
 44260 | Depths:3 | Noticed Boris
 44272 | Depths:3 | Killed Boris
 44623 | Depths:3 | Noticed a golden dragon
 44646 | Depths:3 | Killed a golden dragon
 45257 | Depths:3 | Found a one-way gate leading to the halls of Pandemonium.
 45461 | Depths:3 | Found a runed translucent door.
 45899 | Depths:4 | Noticed a juggernaut
 45906 | Depths:4 | Noticed a golden dragon
 46202 | Depths:4 | Got a steaming ring mail
 46214 | Depths:4 | Identified the cursed +0 ring mail "Kejocwax" {MR+ rCorr
                  | Dex+2} (You found it on level 4 of the Depths)
 46251 | Depths:4 | Killed a juggernaut
 46268 | Depths:4 | Reached skill level 15 in Invocations
 46382 | Depths:4 | Killed a golden dragon
 46490 | Depths:4 | Reached XP level 24. HP: 245/252 MP: 25/34
 46537 | Depths:4 | Found a one-way gate to the infinite horrors of the Abyss.
 46783 | Depths:5 | Entered Level 5 of the Depths
 47022 | Depths:5 | Noticed a juggernaut
 47040 | Depths:5 | Killed a juggernaut
 47234 | Depths:5 | Found a gate to the Realm of Zot.
 47522 | Depths:5 | Noticed Frederick
 47530 | Depths:5 | Killed Frederick
 47717 | Depths:5 | Got a transparent lapis lazuli ring
 47727 | Depths:5 | Identified the cursed ring of Jewa {-Tele rElec rN+++ MP+9
                  | Str-2 Int-3} (You found it on level 5 of the Depths)
 48466 | Snake:3  | Noticed Vashnia
 48485 | Snake:3  | Killed Vashnia
 48488 | Snake:3  | Found Warphom's Book Boutique.
 48586 | Snake:3  | Found Asestauz's Assorted Antiques.
 48596 | Snake:3  | Found Loll's Jewellery Shoppe.
 48611 | Snake:3  | Found Zarodgh's Gadget Shop.
 48645 | Snake:3  | Found Gefaunk's Jewellery Shoppe.
 48816 | Snake:3  | Found Meowka's Assorted Antiques.
 49108 | Snake:4  | Entered Level 4 of the Snake Pit
 49203 | Snake:4  | Reached XP level 25. HP: 149/260 MP: 27/36
 50034 | Snake:4  | Found a transporter.
 50037 | Snake:4  | Found a snail-covered altar of Cheibriados.
 50039 | Snake:4  | Noticed MisterOstroum's ghost (adept KoWn)
 50151 | Snake:4  | Found a transporter.
 50453 | Snake:4  | Got a serpentine rune of Zot
 50836 | Hell     | Entered the Vestibule of Hell
 50836 | Hell     | Noticed Geryon
 50874 | Hell     | Killed Geryon
 50993 | Hell     | Found a gateway to the ashen valley of Gehenna.
 51145 | Hell     | Found a gateway to the Iron City of Dis.
 51287 | Hell     | Found a gateway to the freezing wastes of Cocytus.
 51333 | Hell     | Found a gateway to the decaying netherworld of Tartarus.
 51377 | Tar:1    | Entered Level 1 of Tartarus
 51862 | Tar:1    | Reached XP level 26. HP: 267/267 MP: 27/36
 52298 | Vaults:5 | Entered Level 5 of the Vaults
 53135 | Vaults:5 | Identified the ring of Vacoywk {Dex+8 Stlth-}
 53514 | Vaults:5 | Got a silver rune of Zot
 54080 | Vaults:5 | Reached XP level 27. HP: 275/275 MP: 27/36
 54455 | Vaults:5 | Found the cursed necklace of Bloodlust {*Rage +Rage MR++
                  | Int-3 Slay+6 *Curse}
 54581 | Vaults:5 | Got a warped gossamer ring
 54595 | Vaults:5 | Identified the ring "Nergh" {rPois rC+ rN+ Str+4} (You
                  | found it on level 5 of the Vaults)
 54712 | Crypt:1  | Entered Level 1 of the Crypt
 55023 | Crypt:1  | Noticed a greater mummy
 55030 | Crypt:1  | Noticed Khufu
 55033 | Crypt:1  | Killed a greater mummy
 55046 | Crypt:1  | Killed Khufu
 55697 | Crypt:3  | Entered Level 3 of the Crypt
 55728 | Crypt:3  | Noticed Margery
 55865 | Crypt:3  | Reached skill level 18 in Shields
 55946 | Crypt:3  | Killed Margery
 56019 | Crypt:3  | Got a faintly glowing shield
 56030 | Crypt:3  | Identified the +5 shield "Kuabb" {Str+2 Int+5 Slay+2} (You
                  | found it on level 3 of the Crypt)
 56076 | Crypt:3  | Got a steaming bronze ring
 56082 | Crypt:3  | Identified the ring of Kacve {rC++ rN+ rCorr Int+2} (You
                  | found it on level 3 of the Crypt)
 56181 | Crypt:3  | Noticed Boris
 56198 | Crypt:3  | Killed Boris
 56560 | Crypt:3  | Reached skill level 19 in Shields
 56616 | Crypt:3  | Found a staircase to the Tomb.
 57065 | Crypt:2  | Found a shimmering blue altar of Sif Muna.
 57138 | Crypt:2  | Identified the Compendium of the Entourage
 57146 | Crypt:2  | Identified the Catalogue of Companions
 57487 | Crypt:1  | Noticed Sojobo
 57893 | Crypt:1  | Killed Sojobo
 58300 | Elf:3    | Entered Level 3 of the Elven Halls
 58378 | Elf:3    | Found Yxithrey's Book Shoppe.
 58385 | Elf:3    | Identified Roxanne's Guide on Stones
 58385 | Elf:3    | Noticed Roxanne
 58409 | Elf:3    | Killed Roxanne
 58756 | Elf:3    | Reached skill level 20 in Shields
 58859 | Elf:3    | Identified the ring of Naqaevya {+Blink rElec rF+ MR-
                  | Int-4}
 58861 | Elf:3    | Identified the +7 long sword "Arbiter" {freeze, rElec MR+
                  | Dex-5}
 58978 | Elf:3    | Identified the +7 falchion "Meonaw" {slice, +Fly rPois rN+
                  | Str+3}
 59797 | Zot:1    | Entered Level 1 of the Realm of Zot
 59797 | Zot:1    | Noticed an orb of fire
 59802 | Zot:1    | Gained mutation: You are frail. (-10% HP) [an orb of fire]
 59807 | Zot:1    | Gained mutation: You are clumsy. (Dex -2) [an orb of fire]
 59811 | Zot:1    | Gained mutation: You are very clumsy. (Dex -4) [an orb of
                  | fire]
 59814 | Zot:1    | Killed an orb of fire
 60303 | Zot:1    | Reached skill level 21 in Shields
 61611 | Zot:3    | Reached skill level 22 in Shields
 63004 | Zot:4    | Reached skill level 23 in Shields
 64277 | Zot:5    | Entered Level 5 of the Realm of Zot
 64697 | Zot:5    | Reached skill level 24 in Shields
 64731 | Zot:5    | Noticed an orb of fire
 64739 | Zot:5    | Noticed an orb of fire
 64744 | Zot:5    | Gained mutation: You are very frail. (-20% HP) [an orb of
                  | fire]
 64752 | Zot:5    | Gained mutation: You are dopey. (Int -2) [an orb of fire]
 65041 | Zot:5    | Noticed an ancient lich
 65056 | Zot:5    | Killed an ancient lich
 65067 | Zot:5    | The Shining One protects you from harm!
 65068 | Zot:5    | Gained mutation: You are extremely frail. (-30% HP) [an orb
                  | of fire]
 65288 | Zot:5    | Gained mutation: You are occasionally teleported next to
                  | monsters. [an orb of fire]
 65289 | Zot:5    | HP: 5/208 [orb of fire/bolt of fire (25)]
 65291 | Zot:5    | Killed from afar by an orb of fire

Levels and vault maps discovered:
D:1:      erik_arrival_cave_to_civilisation [erik_arrival_cave_to_hall],
          layout_basic
D:2:      layout_loops_corners, nicolae_ru_sacrificial_ziggurat,
          kennysheep_slug_shrine
D:3:      layout_loops_cross, lightli_sewer_entry_pipes, uniq_terence
D:4:      layout_loops_ring, grunt_temple_overflow_order_and_chaos_2,
          gammafunk_ghost_nasty_kobolds, serial_shops, shop,
          dk_yredelemnul_ordeal
D:5:      lemuel_insect_pit, layout_basic, minmay_temple_entry_statues_pillars,
          first_ration, serial_shops, nicolae_shop_stone,
          nicolae_gozag_seed_capital, uniq_blork_the_orc
D:6:      layout_basic, nicolae_overflow_crystal_walls, serial_shops, shop
D:7:      layout_basic, tgw_xom, grunt_qazlal_sundering
D:8:      layout_loops_cross, lemuel_crystal_altar, overflow_temple_1_default,
          uniq_erica
D:9:      layout_loops_ring, nemelex_xobeh_ov_fountains_minmay, minitemple,
          due_lair_maze_entry_diamond, basic_altar, david_nohive_1,
          minmay_misc_feat_pillars, minmay_tree_intersection
D:10:     layout_long_grid, minmay_misc_feat_five, minmay_st_funbox,
          led_sif_book
D:11:     layout_loops_ring, ebering_ghost_xom, serial_shops, shop,
          serial_rivers, chequers_serial_rivers_small_b,
          chequers_serial_rivers_small_a, chequers_serial_rivers_micro_b,
          chequers_serial_rivers_micro_c
D:12:     layout_basic, orc_david_3, gauntlet_entry_generic, serial_shops, shop,
          nicolae_shop_behind_doors, hangedman_abyss_or_decor_stabs,
          hangedman_decor_growths, uniq_rupert
D:13:     layout_loops_cross, serial_shops, shop_statue, nicolae_blasting_shop,
          minmay_guarded_unrand_skullcrusher
D:14:     layout_basic, grunt_vaults_entry_tiered, minmay_misc_feat_alley,
          kennysheep_generic_room_3
D:15:     gammafunk_enter_depths_forms, layout_basic,
          portal_ice_cave_entry_ice_beasts, uniq_nessos
Temple:   nicolae_temple_figure_zero
Lair:1:   layout_regular_city, grunt_megastairs_5, uniq_harold
Lair:2:   layout_regular_city, skrybe_swamp_entry_bodies, gammafunk_ghost_split,
          beast_lair_carwin_5, lemuel_fruit_tree, uniq_gastronok, uniq_nergalle
Lair:3:   layout_hall_layers, guppyfry_snake_entry_garden, uniq_urug
Lair:4:   layout_loops_ring, serial_bayou_shore_b
Lair:5:   layout_loops_ring, grunt_megastairs_1
Lair:6:   grunt_lair_end_beastmaster, layout_regular_city, slime_altar_2,
          wad_woods_road_06
Swamp:1:  layout_basic_swamp, evilmike_swamp_ruin_house_4
Swamp:2:  layout_basic_swamp, evilmike_swamp_ruin_rubble_1
Swamp:3:  layout_falls_marsh, evilmike_swamp_ruin_house_6, uniq_louise
Swamp:4:  grunt_swamp_rune_castle, layout_basic_swamp, swamp_pool5,
          infiniplex_staircase_pool
Snake:1:  layout_rooms, uniq_agnes, uniq_nikola
Snake:2:  layout_misc_corridors, grunt_ministairs_7
Snake:3:  layout_rooms, serial_shops, shop, shop, shop, serial_bayou_pond_a,
          st_stairs_13, minmay_shop_grove, uniq_vashnia
Snake:4:  grunt_snake_rune_pools, layout_cave_town, basic_altar,
          gammafunk_ghost_berserking_beasts, st_stairs_12,
          guppyfry_library_mini, serial_bayou_shore_b
Orc:1:    layout_diamond_mine, serial_shops, shop, shop, shop,
          gammafunk_ghost_arena
Orc:2:    st_orc_pillars, layout_diamond_mine, nicolae_volcano_entry_lava_flow,
          serial_shops, nicolae_shop_behind_doors, uniq_maurice
Elf:1:    minmay_elf_arrival_circle, layout_gridlike, evilmike_minifort,
          grunt_ministairs_14, glass_columns_a, minivault_25_ag,
          serial_sigils_hangedman_confine, uniq_azrael
Elf:2:    layout_geoelf_grid, serial_shops, nicolae_shop_statue_plus
Elf:3:    minmay_elf_hall_dome, layout_rooms, serial_shops, shop,
          nicolae_twisting_strands, minmay_strange_pillars, uniq_roxanne
Vaults:1: vaults_mumra_minichess_inversion, hangedman_vaults_stream,
          hangedman_vaults_pinch, v_alt_pattern_6, hangedman_vaults_locks,
          v_misc_4, grunt_vaults_bifocal, special_room_vaults
          [special_room_orc], ontoclasm_vaults_pinch,
          nicolae_vaults_little_squares_3, layout_vaults_omnibox
Vaults:2: v_misc_25, v_misc_23, st_cells, hangedman_vaults_restitches,
          layout_vaults_omnigrid
Vaults:3: minmay_crypt_entry_necro_gods, nicolae_vaults_octagons,
          nicolae_vaults_big_ls, v_misc_18, v_alt_pattern_4, v_rooms_1,
          v_misc_16, v_misc_32, nicolae_vaults_windows_and_doors_thing,
          nicolae_vaults_little_squares_2, vaults_dpeg_ring, layout_vaults_ring
Vaults:4: v_rooms_6, vaults_dpeg_encased_lava, ontoclasm_vaults_decontamination,
          nicolae_vaults_holding_cells, nicolae_vaults_asterisk,
          hangedman_vaults_impose, vaults_mumra_lcd, dpeg_vaults_monster_row,
          nicolae_vaults_yaktaur_gun_rack, ontoclasm_vaults_hangar,
          nicolae_vaults_rhombus_5, nicolae_vaults_mini_display_case,
          vaults_room_pool, ontoclasm_vaults_twist, hangedman_vaults_restitches,
          vaults_room_semicircle, nicolae_vaults_sealed_display,
          layout_vaults_maze_bifur
Vaults:5: serial_shops
Crypt:1:  ragdoll_tomb_raider, layout_gridlike, small_chamber_with_monster,
          grunt_crypt_arrival_webbed, uniq_sojobo
Crypt:2:  layout_misc_corridors, hangedman_summoners_spam
Crypt:3:  david_glass_crypt, layout_misc_corridors,
          tomb_entry_forgotten_bobbens, grunt_ministairs_14,
          minmay_misc_feat_cross, uniq_margery
Depths:1: layout_cave_pools, enter_ziggurat_c, minmay_misc_feat_roman,
          hell_entry, grunt_ministairs_15, st_stairs_13,
          kennysheep_big_empty_room, fountainhead, grunt_decor_arrowhead,
          evilmike_ambush [evilmike_ambush_outer_corners,
          evilmike_ambush_inner_basic]
Depths:2: thingy_vault, layout_cave_pools, hell_entry, tso_altar,
          argonaut_fire_from_heaven, minmay_staircase_windowed_small,
          uniq_asterion
Depths:3: lemuel_traditional_vault, layout_basic, pf_hell_entry_tar_river,
          kennysheep_another_room, grunt_pan_entry_in_and_out,
          chequers_serial_rivers_micro_a, lightli_gold_pyramid, uniq_xtahua,
          uniq_boris
Depths:4: minmay_octo_star, layout_basic, abyss_entry, hangedman_decor_lopped,
          pf_vacation_house_of_asmodeus, grunt_ministairs_9,
          kennysheep_inner_square, serial_bayou_shore_a
Depths:5: grunt_zot_entry_alcove, layout_basic, lightli_too_deep,
          minmay_misc_feat_four_crosses, uniq_frederick
Hell
Tar:1:    layout_cathedral_of_symmetry
Zot:1:    layout_twisted_circle
Zot:2:    layout_misc_corridors
Zot:3:    layout_basic
Zot:4:    layout_onion_interference, lemuel_baited_zot_trap, lemuel_golem_globe,
          lemuel_elevator
Zot:5:    layout_misc_corridors, grunt_ministairs_4

Skill      XL: |  1  2  3  4  5  6  7  8  9 10 11 12 13 14 15 16 17 18 19 20 21 22 23 24 25 26 27 |
---------------+----------------------------------------------------------------------------------+-----
Fighting       | 4 5 8 11 13 17 19 21 22 | 22.0
Armour         | 2 4 6 8 12 15 16 19 21 23 | 23.0
Long Blades    | 6 9 10 12 16 17 | 17.0
Invocations    | 4 10 11 15 19 | 19.6
Shields        | 3 8 12 15 17 24 | 24.2
Dodging        | |  2.4
Stealth        | |  3.0

Action                   |  1- 3 |  4- 6 |  7- 9 | 10-12 | 13-15 | 16-18 | 19-21 | 22-24 | 25-27 || total
-------------------------+-------+-------+-------+-------+-------+-------+-------+-------+-------++-------
Melee: Falchion          |    90 |   310 |    41 |       |       |       |       |       |       ||   441
       Long sword        |       |       |   430 |   162 |       |       |       |       |       ||   592
       Scimitar          |       |       |       |   553 |  1145 |  1174 |  1461 |   438 |       ||  4771
       Constrict         |       |       |       |       |   246 |   253 |   293 |   227 |   442 ||  1461
       Eudemon blade     |       |       |       |       |       |       |       |   976 |  2455 ||  3431
Throw: Stone             |     1 |       |       |       |       |       |       |       |       ||     1
Invok: Divine Shield     |       |       |     1 |     2 |       |       |       |       |       ||     3
       Summon Divine War |       |       |       |       |     2 |     4 |     4 |     4 |     5 ||    19
       Cleansing Flame   |       |       |       |       |       |       |       |     2 |    24 ||    26
       Brand Weapon With |       |       |       |       |       |       |       |     1 |       ||     1
 Abil: Spit Poison       |     4 |    15 |    21 |    14 |     1 |       |       |       |       ||    55
  Use: Scroll            |       |     9 |     5 |    13 |    17 |    13 |     7 |    11 |    27 ||   102
       Potion            |       |     5 |     8 |    11 |     4 |    14 |     2 |     1 |    17 ||    62
 Stab: Sleeping          |     2 |       |       |       |       |       |       |       |       ||     2
  Eat: Chunk             |     1 |    10 |     9 |    23 |    22 |    15 |    24 |    15 |    24 ||   143
       Ration            |       |       |     1 |       |     1 |     3 |       |     3 |     8 ||    16
Armor: Scale mail        |    52 |   176 |    64 |       |       |       |       |       |       ||   292
       Skin              |       |    18 |    14 |    46 |       |     5 |       |       |       ||    83
       Ring mail         |       |       |    75 |       |       |       |       |       |       ||    75
       Plate armour      |       |       |   145 |   167 |       |   596 |   631 |   791 |  1395 ||  3725
       Chain mail        |       |       |       |   295 |   407 |    11 |       |       |       ||   713
Dodge: Dodged            |    50 |   202 |   199 |   159 |   161 |    96 |   125 |   157 |   362 ||  1511
Block: Other             |       |       |     4 |       |       |       |       |       |       ||     4
       Buckler           |       |       |       |    69 |    36 |       |       |       |       ||   105
       Large shield      |       |       |       |       |   767 |  1265 |  1441 |  1433 |  1451 ||  6357
       Shield            |       |       |       |       |       |       |       |       |  1081 ||  1081
       Rpst.: Falchion   |    12 |    78 |    10 |       |       |       |       |       |       ||   100
       Long sword        |       |       |    48 |     6 |       |       |       |       |       ||    54
       Scimitar          |       |       |       |    29 |    48 |    21 |    31 |    11 |       ||   140
       Eudemon blade     |       |       |       |       |       |       |       |    12 |    60 ||    72
